Map: Mech Depot LE

Players

Winthrowe - Winner!

  • Race: Terran Terran
  • Spawn Location: 1:00

A.I. 1 (Hard)

  • Race: Zerg Zerg
  • Spawn Location: 7:00

VOD

Have the link to the VOD?

Description

Time

  • Played on: Aug. 16, 2017, 10:19 p.m.
  • Length: 16:14
Show
View Real Time Build Order
Export as new Build Order

Winthrowe Terran - Winner!

Build Orders: MMM Bio 

Get SALT Encoding   

  12  0:04  SCV  
  13  0:23  SCV  
  13  0:25  Supply Depot  
  14  0:38  SCV  
  15  0:50  SCV  
  15  0:51  Barracks  
  16  1:02  SCV  
  17  1:14  SCV  
  18  1:21  Refinery  
  18  1:26  SCV  
  19  1:38  SCV  
  20  1:46  Command Center  
  20  1:48  Supply Depot  
  20  1:52  SCV  
  21  2:02  Marine  
  21  2:04  SCV  
  23  2:16  SCV  
  23  2:20  Marine  
  23  2:21  Refinery  
  25  2:29  SCV  
  26  2:33  Supply Depot  
  26  2:38  Marine  
  26  2:41  SCV  
  28  3:25  Bunker  
  28  3:32  Barracks Tech Lab  
  28  3:35  Engineering Bay  
  28  3:58  SCV  
  28  3:59  SCV  
  30  4:10  SCV  
  30  4:11  SCV  
  32  4:19  Marine  
  32  4:22  SCV  
  32  4:23  SCV  
  35  4:27  Concussive Shells  
  35  4:34  SCV  
  35  4:35  SCV  
  35  4:37  Marine  
  38  4:38  Terran Infantry Weapons Level 1  
  38  4:39  Barracks  
  38  4:46  SCV  
  38  4:47  SCV  
  40  4:55  Marine  
  41  5:10  Stimpack  
  41  5:13  Marine  
  42  5:23  Planetary Fortress  
  42  5:27  Orbital Command  
  42  5:31  Marine  
  42  5:32  Barracks Reactor  
  43  5:42  Factory  
  43  5:49  Marauder  
  45  6:10  Marauder  
  47  6:22  Supply Depot  
  47  6:24  Supply Depot  
  47  6:25  Supply Depot  
  47  6:26  Supply Depot x2  
  47  6:27  Supply Depot  
  47  6:31  Starport  
  47  6:32  Marauder  
  49  6:33  Terran Infantry Armor Level 1  
  49  6:51  Marine x2  
  49  6:53  Armory, Marauder  
  53  7:08  Marine  
  53  7:09  Marine  
  53  7:11  Combat Shields  
  53  7:14  Marine  
  56  7:26  Marine  
  56  7:27  Marine  
  56  7:29  SCV  
  59  7:30  SCV  
  59  7:32  Marauder  
  62  7:42  SCV x2  
  64  7:44  Marine  
  64  7:45  Marine  
  64  7:46  Starport  
  66  7:54  SCV x2, Marauder  
  66  7:56  Terran Vehicle And Ship Armor Level 1  
  70  8:06  SCV x2  
  70  8:09  Factory Tech Lab  
  72  8:13  Starport Tech Lab  
  72  8:18  SCV x2  
  74  8:25  Starport Reactor  
  74  8:26  Terran Infantry Weapons Level 2  
  74  8:33  Thor  
  80  9:05  Banshee  
  83  9:10  Medivac x2  
  83  9:17  Marine, Marauder  
  89  9:18  Marine  
  91  9:35  Marine x2  
  91  9:38  Marauder  
  95  9:48  Banshee  
  98  9:53  Marine x2  
  98  9:56  Supply Depot  
  98  9:59  Marauder  
  102  10:03  Command Center  
  102  10:06  Unknown  
  102  10:18  Marine x2  
  102  10:20  Marine, Supply Depot  
  105  10:38  Marine  
  105  10:39  Marine, Sensor Tower  
  105  10:40  Marine  
  108  10:43  Viking x2, Supply Depot  
  112  10:56  Marauder  
  113  10:57  Marine  
  113  10:58  Marine  
  105  11:05  Unknown  
  99  11:15  Marine x2  
  99  11:18  Marauder  
  103  11:33  Marine x2  
  103  11:39  Marauder  
  107  12:00  Marauder  
  109  12:01  Marine  
  109  12:02  Marine  
  109  12:05  Viking  
  109  12:06  Viking  
  115  12:08  Banshee  
  112  12:16  Unknown  
  112  12:19  Marine  
  112  12:20  Marine  
  112  12:22  Marauder  
  105  12:27  Unknown  
  97  12:31  Unknown  
  97  12:35  Viking  
  99  12:37  Marine x2, Unknown  
  99  12:38  Viking  
  105  12:44  Unknown  
  105  12:46  Unknown  
  105  12:51  Banshee  
  105  12:55  Marine x2  
  110  13:05  Viking, Marauder  
  110  13:08  Viking  
  112  13:12  Marine  
  112  13:13  Marine  
  112  13:18  Unknown  
  112  13:26  Marauder  
  112  13:29  Unknown  
  112  13:30  Marine  
  112  13:31  Marine  
  114  13:34  Viking  
  114  13:44  Hellion  
  114  13:47  Viking x2, Marauder  
  119  13:48  Marine  
  119  13:49  Marine  
  119  13:52  Unknown  
  121  14:05  Hellion  
  121  14:06  Marine x2  
  121  14:09  Marauder  
  124  14:24  Marine x2  
  123  14:26  Hellion  
  123  14:30  Marauder  
  129  14:42  Marine x2  
  131  14:48  Hellion  
  131  14:52  Marauder  
  134  14:59  Marine  
  130  15:00  Marine  
  126  15:09  Hellion  
  126  15:13  Marauder  
  121  15:17  Marine  
  121  15:18  Marine  
  120  15:31  Hellion  
  120  15:34  Marauder  
  120  15:35  Marine  
  122  15:36  Marine  
  121  15:46  Unknown  
  121  15:51  Unknown  
  121  15:52  Hellion  
  121  15:53  Marine x2  
Show
View Real Time Build Order
Export as new Build Order

A.I. 1 (Hard) Zerg 

Build Orders: Pool First 

Get SALT Encoding   

  12  0:01  Drone  
  13  0:12  Overlord  
  13  0:17  Drone  
  14  0:30  Drone  
  14  0:31  Drone  
  16  0:42  Spawning Pool  
  15  0:45  Drone  
  15  0:49  Drone  
  17  0:52  Extractor  
  17  0:55  Drone  
  17  1:05  Overlord  
  17  1:29  Queen  
  17  1:31  Zergling x2  
  20  1:36  Roach Warren  
  20  1:38  Drone  
  20  1:41  Extractor  
  20  1:44  Zergling x2  
  20  1:49  Drone  
  21  1:59  Drone  
  22  2:10  Lair  
  22  2:16  Drone  
  22  2:21  Roach  
  25  2:31  Drone  
  26  2:37  Overlord  
  26  2:44  Roach  
  28  2:57  Roach  
  28  2:58  Overlord  
  30  3:10  Hydralisk Den, Drone  
  30  3:15  Roach  
  32  3:28  Roach  
  34  3:34  Overlord  
  34  3:41  Roach  
  36  3:53  Hydralisk, Drone  
  39  3:57  Drone  
  39  4:01  Drone  
  41  4:04  Drone  
  42  4:11  Overlord, Hydralisk  
  42  4:16  Drone  
  45  4:20  Drone  
  46  4:26  Hydralisk  
  46  4:27  Baneling Nest  
  47  4:34  Evolution Chamber  
  47  4:37  Drone  
  47  4:43  Hydralisk  
  47  4:44  Drone  
  51  6:25  Zergling x2  
  51  6:26  Zerg Melee Weapons Level 1, Spire, Overlord  
  51  6:29  Evolution Chamber, Drone  
  51  6:31  Baneling  
  50  6:34  Hatchery, Burrow  
  50  6:37  Zergling x2, Drone  
  51  6:43  Zergling x2  
  52  6:48  Zergling x2  
  53  6:54  Zergling x2, Zerg Ground Armor Level 1  
  53  6:56  Metabolic Boost  
  53  7:00  Baneling  
  54  7:02  Spore Crawler  
  54  7:03  Drone  
  54  7:08  Spore Crawler  
  54  7:09  Drone  
  54  7:13  Zergling x2  
  53  7:18  Zergling x2  
  54  7:27  Overlord  
  54  7:38  Mutalisk  
  54  7:42  Spine Crawler  
  54  7:44  Mutalisk, Queen  
  55  7:47  Drone  
  55  7:48  Spine Crawler, Drone  
  55  7:49  Mutalisk  
  55  7:50  Drone  
  63  7:53  Drone  
  63  7:55  Mutalisk, Drone  
  63  7:57  Drone  
  68  8:00  Drone  
  69  8:07  Drone  
  69  8:09  Drone  
  71  8:17  Overseer  
  71  8:18  Drone  
  72  8:20  Zerg Missile Weapons Level 1, Drone  
  72  8:26  Mutalisk  
  75  8:27  Overlord, Drone  
  75  8:29  Drone  
  75  8:32  Drone  
  78  8:35  Overseer  
  78  8:40  Drone  
  79  8:42  Spore Crawler, Drone  
  79  8:48  Spore Crawler  
  78  8:50  Drone  
  78  8:53  Drone  
  78  8:55  Mutalisk, Overlord  
  80  8:58  Queen  
  84  9:03  Infestation Pit  
  84  9:04  Drone  
  84  9:13  Spine Crawler  
  83  9:18  Spine Crawler  
  83  9:20  Spine Crawler  
  83  9:21  Drone  
  82  9:38  Extractor  
  82  9:39  Drone  
  82  9:46  Extractor  
  82  9:47  Drone  
  82  10:00  Drone  
  82  10:02  Drone  
  82  10:03  Drone  
  85  10:08  Drone  
  85  10:09  Drone  
  85  10:11  Drone  
  85  10:12  Overlord, Overseer  
  88  10:18  Pneumatized Carapace  
  88  10:19  Overseer, Zergling x2  
  89  10:22  Zergling x2  
  89  10:25  Baneling  
  90  10:30  Mutalisk, Overlord  
  90  10:32  Hatchery, Mutalisk  
  93  10:40  Baneling, Zergling x2  
  94  10:49  Overlord  
  94  10:54  Centrifical Hooks  
  94  11:02  Hive, Zergling x2  
  92  11:05  Zergling x2  
  92  11:08  Baneling, Zergling x2  
  89  11:11  Zergling x2  
  89  11:13  Zerg Melee Weapons Level 2  
  89  11:14  Baneling, Zergling x2  
  88  11:34  Zerg Ground Armor Level 2  
  88  11:45  Queen, Drone  
  92  11:47  Drone  
  92  11:48  Drone  
  92  11:50  Drone  
  92  11:51  Drone  
  92  11:53  Drone  
  96  11:54  Drone  
  96  11:55  Drone  
  96  11:56  Glial Reconstitution  
  96  11:57  Drone  
  96  11:58  Extractor, Zergling x2, Drone  
  96  11:59  Spore Crawler  
  96  12:00  Drone  
  99  12:01  Drone  
  99  12:03  Spore Crawler, Drone x2  
  99  12:04  Drone  
  99  12:07  Drone  
  102  12:09  Drone  
  102  12:10  Drone  
  102  12:12  Drone  
  102  12:14  Zergling x2, Viper  
  104  12:17  Zergling x2  
  104  12:21  Baneling x2, Zergling x2  
  97  12:24  Zergling x2  
  97  12:27  Zergling x2  
  97  12:29  Mutalisk  
  78  12:32  Mutalisk  
  78  12:35  Mutalisk  
  79  12:39  Zergling x2  
  79  12:42  Zergling x2  
  80  12:45  Zergling x2  
  80  12:47  Mutalisk  
  80  12:51  Overlord, Zergling x2  
  81  12:52  Overseer  
  81  12:54  Zergling x2  
  81  12:56  Overseer, Zergling x2  
  75  13:00  Zergling x2  
  75  13:03  Zergling x2  
  68  13:06  Zergling x2  
  68  13:08  Mutalisk  
  68  13:12  Zergling x2  
  72  13:13  Extractor  
  72  13:14  Overlord, Overseer, Mutalisk  
  72  13:17  Mutalisk  
  72  13:21  Baneling, Overseer, Zergling x2  
  72  13:24  Baneling x3, Overlord  
  73  13:30  Zergling x2  
  73  13:33  Zergling x2  
  59  13:36  Mutalisk, Overseer  
  59  13:39  Zergling x2  
  48  13:42  Zergling x2  
  48  13:45  Zergling x2  
  48  13:48  Zergling x2  
  38  13:54  Mutalisk  
  34  14:02  Zergling x2  
  30  14:04  Overlord  
  28  14:12  Overlord  
  25  14:22  Drone  
  25  14:23  Zergling x2  
  21  14:26  Zergling x2, Drone  
  21  14:27  Drone  
  22  14:48  Overlord  
  19  14:54  Hatchery  
  19  14:57  Drone  
  18  15:06  Drone  
  17  15:20  Extractor  
  16  15:24  Overlord  
Tags
 
Composition
MMM Bio
Matchup
TvZ
Opening
Pool First
Spawn Locations
Cross Positions
Add a new tag
Caveats
  • Supply blocks, unpowered buildings, or Contaminate may cause inaccurate times.
  • Supply counts are checked every 10 seconds.